 Dungeon Crawl Stone Soup version 0.21-a0-517-gd76cfe0 (webtiles) character file.

94 Firecrotchwizard the Insei (level 4, -6/23 HPs)
             Began as a Vine Stalker Monk on Dec 3, 2017.
             Mangled by Crazy Yiuf
             ... wielding a +4 quarterstaff of chaos
              (7 damage)
             ... on level 2 of the Dungeon.
             The game lasted 00:04:09 (1990 turns).

Firecrotchwizard the Insei (Vine Stalker Monk)      Turns: 1990, Time: 00:04:09

Health: -6/23      AC:  8    Str: 14    XL:     4   Next: 63%
Magic:  0/5        EV:  7    Int: 10    God:
Gold:   78         SH:  0    Dex: 17    Spells: 3/3 levels left

rFire    . . .     SeeInvis .     - Unarmed
rCold    . . .     Gourm    .   (no shield)
rNeg     . . .     Faith    .   e - +0 chain mail {rPois}
rPois    +         Spirit   +   (no helmet)
rElec    .         Reflect  .   (no cloak)
rCorr    +         Harm     .   (no gloves)
MR       .....                  (no boots)
Stlth    ..........             (no amulet)
HPRegen  0.47/turn              h - ring of resist corrosion
MPRegen  0.09/turn              (no ring)

@: no status effects
A: fangs 2, regeneration 1, magic shield, antimagic bite, no potion heal 3, rot
immunity
a: no special abilities


You were on level 2 of the Dungeon.
You were not hungry.

You visited 1 branch of the dungeon, and saw 2 of its levels.

You collected 78 gold pieces.

Inventory:

Armour
 a - a +0 robe
 e - a +0 chain mail of poison resistance (worn)
   (You found it on level 1 of the Dungeon)
Jewellery
 h - a ring of resist corrosion (left hand)
   (You found it on level 1 of the Dungeon)
Scrolls
 g - a scroll of blinking {unknown}
 j - a scroll of remove curse {unknown}
 m - a scroll of identify {unknown}
 n - a scroll of enchant weapon {unknown}
Potions
 d - a potion of lignification {unknown}
 i - a potion of cancellation {unknown}
 k - a potion of haste {unknown}
 l - a potion of curing {unknown}
 o - a potion of resistance {unknown}
Comestibles
 b - 2 bread rations {@e1}
 c - 3 royal jellies
 f - 2 chunks of flesh {@w0}


   Skills:
 - Level 2.6 Fighting
 - Level 2.4 Dodging
 - Level 2.4 Stealth
 + Level 5.2 Unarmed Combat


You had 3 spell levels left.
You didn't know any spells.

Dungeon Overview and Level Annotations

Branches:
Dungeon (2/15)

Altars:
Yredelemnul

Annotations:
D:2 Crazy Yiuf


Innate Abilities, Weirdness & Mutations

You have extremely sharp teeth.
Your natural rate of healing is unusually fast.
When hurt, damage is shared between your health and your magic reserves.
Your bite disrupts and absorbs the magic of your enemies.
Potions cannot restore your health.
You are immune to rotting.


Message History

o - a dark potion Some of the chunks of flesh in your inventory have rotted away.
A worm comes into view.
A worm is nearby!
You hit the worm. The worm bites you but does no damage.
You hit the worm but do no damage. You bite the worm. You drain its power.
You hit the worm. The worm bites you.
You take 3 damage, and have 20/23 hp.
You now have 4/5 mp.
You punch the worm! You bite the worm. You drain its power.
You feel invigorated. The worm barely misses you.
MP restored: 5 Your chain mail prevents you from hitting the worm.
You bite the worm. You drain its power. You hit the worm but do no damage.
The worm closely misses you.
You completely miss the worm.
Your chain mail prevents you from hitting the worm.
You bite the worm. You drain its power. The worm bites you but does no damage.
You hit the worm. You bite the worm. You drain its power.
You kill the worm!
Health restored: 23 You see here a short sword.
Some of the chunks of flesh in your inventory have rotted away.
Found a stone staircase leading up.
There is a stone staircase leading up here.
A kobold comes into view. It is wielding a whip.
The kobold shouts!
The kobold hits you but does no damage.
You hit the kobold but do no damage. Your bite misses the kobold.
The kobold hits you but does no damage.
You barely miss the kobold. The kobold hits you with a whip.
You take 1 damage, and have 22/23 hp.
You hit the kobold. Your bite misses the kobold. The kobold barely misses you.
Health restored: 23 You closely miss the kobold.
You bite the kobold. You drain its power.
You kill the kobold!
No target in view!
Things that are here:
a whip; a kobold corpse You now have 78 gold pieces (gained 13).
A hobgoblin comes into view. It is wielding a club.
A hobgoblin is nearby!
Your chain mail prevents you from hitting the hobgoblin.
You bite the hobgoblin. You drain its power. You punch the hobgoblin!
You kill the hobgoblin!
No target in view!
Things that are here:
a club; a hobgoblin corpse You butcher the hobgoblin corpse.
f - 4 chunks of flesh {@w0} (gained 3)
You see here a club. x2
Some of the chunks of flesh in your inventory have rotted away.
Eating one of 3 chunks of flesh {@w0}.
You eat one of the 3 chunks of flesh {@w0}.
Partly explored, can't reach some places.
Partly explored, can't reach some places.
Partly explored, can't reach some places.
(D) Dungeon
Where to? (Enter - D:2, ? - help)
Okay, then.
You punch the fungus! You bite the fungus. You drain its power.
You hit the fungus. You hit the fungus but do no damage. You bite the fungus.
You drain its power. You hit the fungus. You bite the fungus.
You drain its power. You hit the fungus. You bite the fungus.
You drain its power. You hit the fungus. You bite the fungus.
You drain its power.
You destroy the fungus!
You see here a mace.
You open the door.
Crazy Yiuf the Enlightened comes into view.
He is wielding a quarterstaff of chaos.
Crazy Yiuf shouts!
There is an open door here.
You hit Crazy Yiuf. You punch Crazy Yiuf, but do no damage.
You bite Crazy Yiuf, but do no damage.
Crazy Yiuf hits you with a quarterstaff of chaos!
Crazy Yiuf draws strength from your wounds!
You take 7 damage, and have 16/23 hp.
MASSIVE DAMAGE!!
You now have 4/5 mp.
You hit Crazy Yiuf. You bite Crazy Yiuf, but do no damage.
You closely miss Crazy Yiuf. Your bite misses Crazy Yiuf.
Crazy Yiuf hits you but does no damage.
You barely miss Crazy Yiuf. You bite Crazy Yiuf. You drain his power.
You feel invigorated.
Crazy Yiuf hits you with a quarterstaff of chaos!
Crazy Yiuf freezes you.
* * * LOW HITPOINT WARNING * * *
You take 11 damage, and have 5/23 hp.
MASSIVE DAMAGE!!
You now have 2/5 mp.
You hit Crazy Yiuf. Your bite misses Crazy Yiuf.
Crazy Yiuf hits you with a quarterstaff of chaos.
* * * LOW HITPOINT WARNING * * *
You take 4 damage, and have 1/23 hp.
You now have 0/5 mp.
You hit Crazy Yiuf. You bite Crazy Yiuf. You drain his power.
You feel invigorated.
Crazy Yiuf hits you with a quarterstaff of chaos.
* * * LOW HITPOINT WARNING * * *
Space warps horribly around you!
You die...

##########.#
#....# #
#....)...#
♣P.P♣♣ #
#.######.#
♣.PP♣ # #.#
#.# ♣♣.♣♣ #
#.# #.# ♣.♣♣
# #.# #.#
♣♣)♣ # #.#
#.# ♣.♣♣ #
#.# #.# ♣♣.♣
#.# #.# #@#
###.# #.#
#.g)# ....#
#.# #)).#
##### #.#
#).)#
##########.#
#####
...[.......#
############


You could see Crazy Yiuf.

Vanquished Creatures
  2 adders (D:2)
  2 worms (D:2)
  3 dart slugs
  13 bats
  A giant cockroach (D:2)
  7 hobgoblins
  4 jackals (D:1)
  A frilled lizard (D:1)
  11 goblins
  8 kobolds
  14 rats
  A spectral orc (D:2)
  A fungus (D:2)
68 creatures vanquished.

Notes
Turn   | Place    | Note
-------+----------+-------------------------------------------
     0 | D:1      | Firecrotchwizard the Vine Stalker Monk began the quest for the Orb.
     0 | D:1      | Reached XP level 1. HP: 11/11 MP: 2/2
   172 | D:1      | Reached XP level 2. HP: 10/16 MP: 1/3
   369 | D:1      | Reached skill level 4 in Unarmed Combat
   636 | D:1      | Reached XP level 3. HP: 19/19 MP: 4/4
  1336 | D:2      | Gained mutation: Your natural rate of healing is unusually fast. [Vine Stalker growth]
  1336 | D:2      | Reached XP level 4. HP: 22/23 MP: 5/5
  1560 | D:2      | Reached skill level 5 in Unarmed Combat
  1600 | D:2      | Found a basalt altar of Yredelemnul.
  1979 | D:2      | Found a runed door.
  1983 | D:2      | Noticed Crazy Yiuf
  1988 | D:2      | HP: 5/23 [Crazy Yiuf/quarterstaff of chaos (4)]
  1989 | D:2      | HP: 1/23 [Crazy Yiuf/quarterstaff of chaos (4)]
  1990 | D:2      | Mangled by Crazy Yiuf

Vault maps used:
D:1:      dpeg_arrival_subterranean_lakeside_camping, hangedman_decor_points
D:2:      yredelemnul_forgotten_temple_becter, uniq_crazy_yiuf_cottage

Skill      XL: |  1  2  3  4 |
---------------+-------------+-----
Unarmed Combat | 4 5 |  5.2
Fighting       | |  2.6
Dodging        | |  2.4
Stealth        | |  2.4

Action                   |  1- 3 |  4- 6 || total
-------------------------+-------+-------++-------
Melee: Unarmed           |   131 |    68 ||   199
       Bite              |    31 |    30 ||    61
       Punch             |     2 |     2 ||     4
  Eat: Chunk             |     1 |     3 ||     4
Armor: Chain mail        |    62 |    28 ||    90
Dodge: Dodged            |    70 |    11 ||    81

Table legend:
 A = Spawn XP
 B = Non-spawn XP
 C = Spawn XP percentage of total XP
 D = Spawn monster count
 E = Non-spawn monster count
 F = Spawn count percentage of total count
 G = Total turns spent on level
                    A         B        C        D         E        F      G
               +---------+---------+-------+---------+---------+-------+---------
         Total |       0 |     135 |   0.0 |       0 |      67 |   0.0 |  1990
               +---------+---------+-------+---------+---------+-------+---------
           D:1 |       0 |      62 |   0.0 |       0 |      39 |   0.0 |  1165
           D:2 |       0 |      73 |   0.0 |       0 |      28 |   0.0 |   825
               +---------+---------+-------+---------+---------+-------+---------

Vault maps used:
D:1:      dpeg_arrival_subterranean_lakeside_camping, hangedman_decor_points
D:2:      yredelemnul_forgotten_temple_becter, uniq_crazy_yiuf_cottage

Table legend:
 A = Turns spent in this place as a percentage of turns spent in the entire game.
 B = Non-inter-level travel turns spent in this place as a percentage of non-inter-level travel turns spent in the entire game.
 C = Inter-level travel turns spent in this place as a percentage of turns spent in this place.
 D = Turns resting spent in this place as a percentage of non-inter-level travel turns spent in this place.
 E = Turns spent auto-exploring this place as a percentage of non-inter-level travel turns spent in this place.
 F = Non-inter-level travel turns spent in this place divided by the number of levels of this place that you've seen.
                   A       B       C       D       E      F
               +-------+-------+-------+-------+-------+----------------------
         Total | 100.0 | 100.0 |   1.6 |  19.9 |  60.0 | 979.5
       Dungeon | 100.0 | 100.0 |   1.6 |  19.9 |  60.0 | 979.5
               +-------+-------+-------+-------+-------+----------------------

Table legend:
 A = Kills in this place as a percentage of kills in entire the game.
 B = Kills by you in this place as a percentage of kills by you in the entire game.
 C = Kills by friends in this place as a percentage of kills by friends in the entire game.
 D = Other kills in this place as a percentage of other kills in the entire game.
 E = Experience gained in this place as a percentage of experience gained in the entire game.
 F = Experience gained in this place divided by the number of levels of this place that you have seen.
                   A       B       C       D       E      F
               +-------+-------+-------+-------+-------+----------------------
         Total | 100.0 | 100.0 |   N/A |   N/A | 100.0 |  67.5
       Dungeon | 100.0 | 100.0 |   N/A |   N/A | 100.0 |  67.5
               +-------+-------+-------+-------+-------+----------------------
